AoeStats
← Hackett Geert Kasch

Lombardia

510168570Analyzed
3v3 RM · 1d ago on Sep 29, 2026· 62m 32s· 6 players
Game mode
Random Map
Map size
Normal (6 player)
Population
200
Speed
Normal
Resources
Standard
Victory
Conquest
Starting age
Dark Age
Ending age
Imperial Age
RankedLock teamsTeams togetherTeam positionsShared explorationLock speedFull tech treeHidden civsTurbo modeCheats
Victory
Defeat
🇨🇿 Poles · Czechia
1136
+15
🇨🇿 Hindustanis · Czechia
1071
+17
🇨🇿 Mongols · Czechia
1039
+19
🇲🇽 Bulgarians · Mexico
1133
-18
🇲🇽 Spanish · Mexico
1093
-17
🇳🇱 Mongols · Netherlands
1082
-16
Stone159
11:54 Feudal Age
10:26 Loom
12:29 Double-Bit Axe
12:40 Horse Collar
16:23 Castle Age
15:40 Scale Barding Armor
17:06 Forging
17:24 Bow Saw
18:06 Chain Barding Armor
20:31 Bloodlines
21:59 Wheelbarrow
23:40 Hand Cart
23:11 Town Watch
27:50 Iron Casting
29:07 Husbandry
29:47 Heavy Plow
30:53 Town Patrol
34:33 Ballistics
36:45 Imperial Age
34:30 Gold Mining
34:34 Stone Mining
34:31 Treadmill Crane
35:03 Masonry
34:51 Murder Holes
35:07 Masonry
34:53 Fletching
35:13 Szlachta Privileges
36:49 Cavalier
38:44 Blast Furnace
37:40 Bodkin Arrow
38:53 Chemistry
37:50 Bodkin Arrow
38:30 Town Patrol
39:34 Padded Archer Armor
39:55 Elite Skirmisher
40:41 Thumb Ring
41:57 Conscription
42:15 Crop Rotation
43:07 Bracer
43:22 Leather Archer Armor
44:55 Stone Shaft Mining
48:38 Caravan
51:23 Siege Engineers
54:45 Lechitic Legacy
55:00 Hoardings
56:53 Spies/Treason
chong with bong
12:10 Feudal Age
12:13 Loom
13:59 Feudal Age
18:22 Double-Bit Axe
21:09 Castle Age
19:05 Horse Collar
20:21 Stone Mining
23:18 Wheelbarrow
24:23 Bow Saw
24:43 Heavy Plow
26:20 Hand Cart
26:58 Fletching
30:35 Bodkin Arrow
34:15 Scale Barding Armor
34:47 Town Watch
40:33 Imperial Age
41:57 Ballistics
44:36 Chemistry
44:34 Bracer
44:55 Chain Barding Armor
44:55 Elite Mangudai
50:26 Caravan
56:56 Spies/Treason
59:07 Nomads
59:27 Drill
59:43 Hoardings
58:39 Sappers
59:30 Conscription
59:27 Masonry
59:23 Siege Engineers
59:13 Murder Holes
59:29 Fortified Wall
59:10 Guard Tower
59:25 Siphons
59:41 Shipwright
59:31 Clinker Construction
59:32 Careening
59:22 Gold Mining
60:08 Stone Shaft Mining
Gnam
10:10 Feudal Age
14:57 Castle Age
19:38 Scale Mail Armor
20:35 Double-Bit Axe
21:03 Loom
21:35 Chain Mail Armor
23:20 Forging
26:24 Horse Collar
27:13 Gold Mining
28:40 Wheelbarrow
27:52 Town Watch
29:48 Squires
30:28 Wheelbarrow
30:23 Arson
34:48 Town Patrol
35:04 Hand Cart
35:02 Bow Saw
43:11 Heavy Plow
45:57 Imperial Age
43:40 Grand Trunk Road
48:25 Iron Casting
50:53 Elite Ghulam
55:33 Two-Man Saw
60:57 Ballistics
61:38 Chemistry
60:28 Guard Tower
60:49 Fortified Wall
60:34 Murder Holes
60:45 Siege Engineers
60:50 Masonry
61:30 Siege Engineers
61:21 Murder Holes
61:32 Stone Mining
62:24 Gold Shaft Mining
61:21 Pikeman
62:36 Masonry
61:55 Elite Skirmisher
62:57 Fortified Wall
62:40 Guard Tower
62:59 Thumb Ring
62:22 Man-at-Arms
63:19 Bloodlines
63:09 Husbandry
JW073
12:53 Feudal Age
13:57 Double-Bit Axe
13:57 Horse Collar
16:37 Castle Age
18:53 Wheelbarrow
18:37 Heavy Plow
18:57 Bow Saw
23:46 Hand Cart
26:06 Loom
26:53 Fletching
27:04 Padded Archer Armor
28:21 Ballistics
28:01 Bodkin Arrow
28:23 Leather Archer Armor
28:44 Gold Mining
28:44 Stone Mining
29:51 Husbandry
30:02 Bloodlines
30:43 Forging
30:39 Scale Barding Armor
32:07 Gold Shaft Mining
31:22 Stone Mining
34:18 Imperial Age
34:58 Bracer
35:34 Iron Casting
34:34 Elite Mangudai
34:56 Capped Ram
36:21 Siege Ram
38:45 Drill
40:16 Murder Holes
40:29 Siege Engineers
45:45 Conscription
46:01 Iron Casting
45:14 Heavy Scorpion
49:02 Elite Steppe Lancer
50:13 Elite Steppe Lancer
Hackett Geert Kasch
0:28 Loom
10:07 Feudal Age
11:25 Wheelbarrow
10:46 Double-Bit Axe
10:42 Horse Collar
13:28 Man-at-Arms
13:53 Arson
16:36 Stone Mining
21:01 Castle Age
20:00 Gold Mining
20:05 Fletching
21:13 Scale Barding Armor
21:20 Forging
21:25 Bloodlines
24:43 Bodkin Arrow
29:54 Husbandry
32:01 Hand Cart
32:09 Squires
33:03 Bow Saw
32:55 Heavy Plow
34:44 Chain Barding Armor
36:16 Iron Casting
40:19 Pikeman
41:13 Scale Mail Armor
41:13 Padded Archer Armor
42:05 Chain Mail Armor
43:05 Leather Archer Armor
43:33 Elite Skirmisher
50:52 Imperial Age
51:02 Thumb Ring
52:39 Halberdier
53:42 Conscription
54:25 Blast Furnace
53:26 Bracer
54:22 Plate Barding Armor
(JP) JR
11:11 Feudal Age
9:28 Loom
13:32 Arson
16:13 Forging
17:18 Scale Mail Armor
25:49 Castle Age
23:46 Double-Bit Axe
26:19 Pikeman
27:37 Wheelbarrow
26:44 Horse Collar
27:07 Gambesons
27:23 Squires
28:13 Bow Saw
30:19 Town Watch
31:49 Iron Casting
31:30 Chain Mail Armor
31:27 Elite Skirmisher
32:12 Thumb Ring
34:24 Fletching
34:34 Padded Archer Armor
34:57 Gold Mining
36:17 Thumb Ring
36:56 Bodkin Arrow
37:16 Leather Archer Armor
39:30 Hand Cart
40:43 Gold Shaft Mining
44:45 Town Patrol
50:33 Imperial Age
50:37 Halberdier
52:05 Plate Mail Armor
52:35 Blast Furnace
Connection lost

Rejoining the realm…

Still unreachable

The connection could not be restored.

Session expired

The server has moved on; the page needs a fresh start.